[Event "FIDE WYCC Girls U14 2023"]
[Site "Montesilvano"]
[Date "2023.11.24"]
[Round "11.15"]
[White "Mohd Afif, Ainul Mardhiah"]
[Black "Avetisyan, Ani"]
[Result "0-1"]
[ECO "A13"]
[WhiteElo "1478"]
[BlackElo "1770"]
[Annotator "NA"]
[PlyCount "154"]
[EventDate "2023.11.13"]
[EventType "swiss"]
[EventCountry "ITA"]
[SourceTitle "playchess.com"]
[Source "ChessBase"]
[SourceQuality "1"]
[TimeControl "40/5400+30:1800+30"]

1. c4 e6 2. g3 Nf6 3. Bg2 Be7 4. Nf3 O-O 5. O-O d5 6. d4 dxc4 7. Qc2 b5 8. a4 b4 9. Qxc4 Bb7 10. Bf4 Nd5 11. Ne5 Nb6 12. Qd3 Bxg2 13. Kxg2 c5 14. dxc5 Bxc5 15. Qc2 Qe7 16. e4 Rc8 17. Qe2 N8d7 18. Nf3 a5 19. Nbd2 e5 20. Be3 Bxe3 21. Qxe3 Rc2 22. b3 Rac8 23. Rfd1 Nc5 24. Rac1 Rxc1 25. Rxc1 Rc7 26. Qe2 Nbd7 27. Qb5 Ra7 28. Qc6 h6 29. Qd5 Ra6 30. Nxe5 Rd6 31. Qa8+ Kh7 32. Nxd7 Nxd7 33. Nc4 Rd4 34. Re1 Nc5 35. Nxa5 Nd3 36. Re2 Qg5 37. Qa7 Nf4+ 38. Kf1 Nxe2 39. Kxe2 Rxe4+ 40. Kf1 Qg4 41. Kg2 Qg6 42. Qc5 Qf6 43. Qc2 Qg6 44. Nc6 f5 45. f3 Re3 46. Nxb4 Qe6 47. Qc4 Qxc4 48. bxc4 Rc3 49. Nd5 Rxc4 50. Nb6 Rb4 51. a5 Rb5 52. Nc4 Rc5 53. Ne3 Rxa5 54. g4 f4 55. Nd1 Ra2+ 56. Nf2 g5 57. Kg1 Ra1+ 58. Kg2 Ra2 59. Kg1 Kg6 60. Ne4 Re2 61. Nf2 Kf6 62. Kg2 Ke5 63. Kh3 Re3 64. Kg2 Kd4 65. h4 Re2 66. hxg5 hxg5 67. Kh3 Kc3 68. Nd1+ Kc2 69. Nf2 Kd2 70. Ne4+ Rxe4 71. fxe4 f3 72. Kg3 Ke2 73. e5 f2 74. e6 f1=Q 75. e7 Qf3+ 76. Kh2 Kf2 77. e8=Q Qg2# 0-1

[Event "FIDE WYCC Girls U14 2023"]
[Site "Montesilvano"]
[Date "2023.11.24"]
[Round "11.16"]
[White "Sodgerelt Naranbold"]
[Black "Mueller, Riyanna"]
[Result "1-0"]
[ECO "B01"]
[WhiteElo "1419"]
[BlackElo "1754"]
[Annotator "NA"]
[PlyCount "27"]
[EventDate "2023.11.13"]
[EventType "swiss"]
[EventCountry "ITA"]
[SourceTitle "playchess.com"]
[Source "ChessBase"]
[SourceQuality "1"]
[TimeControl "40/5400+30:1800+30"]

1. e4 d5 2. exd5 Qxd5 3. Nf3 Bg4 4. Be2 Nc6 5. d4 O-O-O 6. Be3 e5 7. Nc3 Qa5 8. Nxe5 Bxe2 9. Qxe2 Nxe5 10. dxe5 Qxe5 11. O-O Bb4 12. Qg4+ f5 13. Qxb4 Nf6 14. Nb5 1-0

[Event "FIDE WYCC Girls U14 2023"]
[Site "Montesilvano"]
[Date "2023.11.24"]
[Round "11.17"]
[White "Zagorac, Lara"]
[Black "Jankovic, Tamara"]
[Result "1-0"]
[ECO "E67"]
[WhiteElo "1866"]
[BlackElo "1711"]
[Annotator "NA RC"]
[PlyCount "129"]
[EventDate "2023.11.13"]
[EventType "swiss"]
[EventCountry "ITA"]
[SourceTitle "playchess.com"]
[Source "ChessBase"]
[SourceQuality "1"]
[TimeControl "40/5400+30:1800+30"]

1. d4 Nf6 2. Nf3 g6 3. c4 Bg7 4. g3 O-O 5. Bg2 d6 6. Nc3 Nbd7 7. Bf4 Nh5 8. Bg5 h6 9. Be3 e5 10. Qd2 Kh7 11. dxe5 Nxe5 12. Nxe5 dxe5 13. O-O-O Qxd2+ 14. Rxd2 c6 15. Bc5 Rg8 16. Ne4 Be6 17. Nd6 Nf6 18. b3 Nd7 19. Ba3 Bf8 20. Bb2 Bxd6 21. Rxd6 Rac8 22. Rhd1 Rc7 23. Kb1 Re8 24. h4 h5 25. a4 Kg8 26. a5 a6 27. Ka2 f6 28. Be4 Kf7 29. Bc2 Nf8 30. Rf1 Rd7 31. Rxd7+ Nxd7 32. f4 Bg4 33. e4 Re6 34. Ba3 c5 35. Bc1 exf4 36. gxf4 Ke7 37. Rf2 Kd6 38. Be3 f5 39. e5+ Ke7 40. Rd2 Rc6 41. Ka3 Bf3 42. b4 Rc7 43. b5 Nf8 44. Rd6 axb5 45. cxb5 Be2 46. Bd3 Bxd3 47. Rxd3 Ne6 48. Rc3 Kd7 49. Ka4 Rc8 50. Rd3+ Ke7 51. b6 Rc6 52. Kb5 Rc8 53. Rc3 Kd7 54. Rd3+ Ke7 55. a6 bxa6+ 56. Kxa6 Nd8 57. b7 Nxb7 58. Kxb7 c4 59. Rc3 Rd8 60. Rxc4 Rd3 61. Bc5+ Kf7 62. Rd4 Rf3 63. Kc6 Rh3 64. Kd7 Re3 65. Rd6 1-0

[Event "FIDE WYCC Girls U14 2023"]
[Site "Montesilvano"]
[Date "2023.11.24"]
[Round "11.18"]
[White "Diasamidze, Lulu"]
[Black "Dicen, Elis Denele"]
[Result "0-1"]
[ECO "B90"]
[WhiteElo "1676"]
[BlackElo "1976"]
[Annotator "NA RC"]
[PlyCount "96"]
[EventDate "2023.11.13"]
[EventType "swiss"]
[EventCountry "ITA"]
[SourceTitle "playchess.com"]
[Source "ChessBase"]
[SourceQuality "1"]
[TimeControl "40/5400+30:1800+30"]

1. e4 c5 2. Nf3 d6 3. d4 cxd4 4. Nxd4 Nf6 5. Nc3 a6 6. h3 e5 7. Nb3 Be7 8. g4 h6 9. Be3 Be6 10. Bg2 b5 11. O-O O-O 12. Qd2 Nbd7 13. Ne2 Nb6 14. Bxb6 Qxb6 15. Ng3 Rfd8 16. Nf5 Bxf5 17. exf5 d5 18. Qe2 e4 19. Rad1 Rac8 20. Kh1 Bd6 21. f3 exf3 22. Bxf3 Re8 23. Qg2 Ne4 24. Bxe4 dxe4 25. Rfe1 e3 26. Rd3 Bf4 27. Nd4 Rcd8 28. c3 b4 29. Qf3 Bg5 30. Qg3 bxc3 31. bxc3 Qb7+ 32. Qg2 Qc7 33. Red1 Rc8 34. Ne2 Qc4 35. a3 Rb8 36. Rd4 Qa2 37. Rb4 a5 38. Rxb8 Rxb8 39. Nc1 Qxa3 40. h4 Bxh4 41. Qh2 Rb1 42. Qxh4 Rxc1 43. Qd8+ Kh7 44. f6 Rxd1+ 45. Qxd1 Qxc3 46. fxg7 Kxg7 47. g5 hxg5 48. Qh5 Qe5 0-1

[Event "FIDE WYCC Girls U14 2023"]
[Site "Montesilvano"]
[Date "2023.11.24"]
[Round "11.19"]
[White "Maklakova, Naomi"]
[Black "Blauhut, Anna"]
[Result "1-0"]
[ECO "D02"]
[WhiteElo "1873"]
[BlackElo "1640"]
[Annotator "NA RC"]
[PlyCount "107"]
[EventDate "2023.11.13"]
[EventType "swiss"]
[EventCountry "ITA"]
[SourceTitle "playchess.com"]
[Source "ChessBase"]
[SourceQuality "1"]
[TimeControl "40/5400+30:1800+30"]

1. d4 d5 2. Nf3 Nf6 3. Bf4 c5 4. e3 Nc6 5. c3 Nh5 6. Bg3 g6 7. Nbd2 e6 8. Bd3 Be7 9. e4 cxd4 10. Nxd4 Nxd4 11. cxd4 dxe4 12. Nxe4 O-O 13. Be2 Nf6 14. Nc3 Nd5 15. O-O Bf6 16. Qd2 Nxc3 17. bxc3 b6 18. Bf3 Ba6 19. Bxa8 Bxf1 20. Bc6 Bc4 21. a4 Qc8 22. Qf4 Bg7 23. Qf3 Rd8 24. h4 Bd5 25. Bxd5 Rxd5 26. Bf4 Bf6 27. g3 Bg7 28. Kg2 Qc4 29. a5 bxa5 30. Rb1 Rd8 31. Rb7 f6 32. Rxa7 e5 33. dxe5 fxe5 34. Rxg7+ Kxg7 35. Bxe5+ Kg8 36. Qf6 Qd5+ 37. Kh2 Rd7 38. Bd4 Qd6 39. Qh8+ Kf7 40. Qxh7+ Ke8 41. Qg8+ Ke7 42. Be3 Qe6 43. Bg5+ Kd6 44. Qb8+ Kc6 45. Qc8+ Kb5 46. Be3 Qd6 47. c4+ Ka4 48. c5 Qe6 49. Qf8 Rf7 50. Qa8 Rc7 51. Qf3 Kb5 52. Qd1 Ka6 53. Qe2+ Kb7 54. Qb5+ 1-0

[Event "FIDE WYCC Girls U14 2023"]
[Site "Montesilvano"]
[Date "2023.11.24"]
[Round "11.20"]
[White "Yu, Avery"]
[Black "Mkrtchyan, Anahit H."]
[Result "0-1"]
[ECO "B43"]
[WhiteElo "1861"]
[BlackElo "1630"]
[Annotator "NA RC"]
[PlyCount "82"]
[EventDate "2023.11.13"]
[EventType "swiss"]
[EventCountry "ITA"]
[SourceTitle "playchess.com"]
[Source "ChessBase"]
[SourceQuality "1"]
[TimeControl "40/5400+30:1800+30"]

1. e4 c5 2. Nf3 e6 3. d4 cxd4 4. Nxd4 a6 5. Nc3 b5 6. g3 Bb7 7. Bg2 Nf6 8. O-O b4 9. Nd5 exd5 10. exd5 Bc5 11. Re1+ Kf8 12. Nf5 d6 13. Bf4 h5 14. h3 Qb6 15. Qd2 Nbd7 16. Re7 Re8 17. Qe2 Ne5 18. Rxe8+ Nxe8 19. Bxe5 dxe5 20. Qxe5 Qf6 21. Qe4 g6 22. Ne3 Nd6 23. Qd3 Qxb2 24. Re1 Qxa2 25. c4 Qa3 26. Qc2 Qc3 27. Qb1 Kg7 28. Rc1 Qf6 29. Qd3 Re8 30. g4 Qf4 31. gxh5 Rxe3 32. fxe3 Qxe3+ 33. Qxe3 Bxe3+ 34. Kf1 Bxc1 35. c5 Ne8 36. hxg6 fxg6 37. Ke2 b3 38. Kd3 b2 39. Kc2 Kf6 40. Be4 Ke5 41. Bxg6 Bxd5 0-1

[Event "FIDE WYCC Girls U14 2023"]
[Site "Montesilvano"]
[Date "2023.11.24"]
[Round "11.21"]
[White "Sneha Halder"]
[Black "Sun, Wanyao Sarah"]
[Result "1-0"]
[ECO "A05"]
[WhiteElo "1807"]
[BlackElo "1593"]
[Annotator "NA RC"]
[PlyCount "109"]
[EventDate "2023.11.13"]
[EventType "swiss"]
[EventCountry "ITA"]
[SourceTitle "playchess.com"]
[Source "ChessBase"]
[SourceQuality "1"]
[TimeControl "40/5400+30:1800+30"]

1. Nf3 Nf6 2. b3 g6 3. Bb2 Bg7 4. c4 d6 5. d4 O-O 6. e3 Nbd7 7. Be2 c5 8. O-O Re8 9. Nc3 cxd4 10. exd4 a6 11. Re1 Nf8 12. b4 d5 13. c5 Ne6 14. a4 Bd7 15. Qb3 Nf4 16. Bf1 Bf5 17. Ne5 Ne4 18. Nxe4 Bxe5 19. Ng3 Bg7 20. Nxf5 gxf5 21. g3 Ng6 22. b5 axb5 23. Bxb5 Rf8 24. Bc3 Qc7 25. Qxd5 e6 26. Qb3 f4 27. a5 fxg3 28. hxg3 h5 29. Bd3 Ne7 30. Be4 Rab8 31. Qb6 Qd7 32. Red1 Nd5 33. Qb3 Nxc3 34. Qxc3 Rfd8 35. Rab1 Bxd4 36. Rxd4 Qxd4 37. Qxd4 Rxd4 38. Bxb7 Rc4 39. a6 Rxc5 40. a7 Rcc8 41. axb8=Q Rxb8 42. Be4 Rd8 43. Bf3 h4 44. gxh4 Kg7 45. Kg2 Rh8 46. Kg3 f5 47. Rb6 Re8 48. Kf4 e5+ 49. Kxf5 Rf8+ 50. Kg4 e4 51. Rb7+ Kh8 52. Bxe4 Rxf2 53. Kg5 Kg8 54. Rb8+ Kg7 55. h5 1-0

[Event "FIDE WYCC Girls U14 2023"]
[Site "Montesilvano"]
[Date "2023.11.24"]
[Round "11.22"]
[White "Li Chen, Helena Joana"]
[Black "Wojs, Alicja"]
[Result "1-0"]
[ECO "B47"]
[WhiteElo "1799"]
[BlackElo "1630"]
[Annotator "NA RC"]
[PlyCount "75"]
[EventDate "2023.11.13"]
[EventType "swiss"]
[EventCountry "ITA"]
[SourceTitle "playchess.com"]
[Source "ChessBase"]
[SourceQuality "1"]
[TimeControl "40/5400+30:1800+30"]

1. e4 c5 2. Nf3 e6 3. d4 cxd4 4. Nxd4 Nc6 5. Nc3 Qc7 6. a3 a6 7. Be3 Nf6 8. f4 b5 9. e5 Nxd4 10. Bxd4 Nd5 11. Nxd5 exd5 12. b4 Be7 13. Bd3 Bb7 14. O-O O-O-O 15. c3 f6 16. a4 fxe5 17. fxe5 Rdf8 18. axb5 Rxf1+ 19. Qxf1 Rf8 20. Qe2 axb5 21. Bxb5 Rf4 22. e6 Re4 23. Bxd7+ Kd8 24. Qf2 Rxd4 25. cxd4 Bxb4 26. Rf1 Qd6 27. Qh4+ Kc7 28. Rc1+ Kb8 29. Qd8+ Ka7 30. Ra1+ Ba6 31. e7 Qf4 32. Rxa6+ Kxa6 33. Qa8+ Kb6 34. Qc6+ Ka7 35. Qa4+ Kb6 36. Qxb4+ Kc7 37. e8=Q Qc1+ 38. Qee1 1-0

[Event "FIDE WYCC Girls U14 2023"]
[Site "Montesilvano"]
[Date "2023.11.24"]
[Round "11.23"]
[White "Romany, Joy"]
[Black "Seyhan, Pelin"]
[Result "1/2-1/2"]
[ECO "E06"]
[WhiteElo "1764"]
[BlackElo "1461"]
[Annotator "NA RC"]
[PlyCount "86"]
[EventDate "2023.11.13"]
[EventType "swiss"]
[EventCountry "ITA"]
[SourceTitle "playchess.com"]
[Source "ChessBase"]
[SourceQuality "1"]
[TimeControl "40/5400+30:1800+30"]

1. d4 d5 2. Nf3 e6 3. c4 Nf6 4. g3 Be7 5. Bg2 c6 6. Qc2 O-O 7. O-O b6 8. Nbd2 Bb7 9. Rd1 Na6 10. e4 Rc8 11. b3 c5 12. exd5 exd5 13. Bb2 Qc7 14. dxc5 Nxc5 15. Be5 Qd7 16. Ng5 Ne6 17. Bxf6 Nxg5 18. Bxe7 Qxe7 19. Qf5 g6 20. Qg4 f5 21. Qh4 Rfd8 22. Rac1 Rc7 23. cxd5 Rxc1 24. Rxc1 Bxd5 25. Bxd5+ Rxd5 26. Qc4 Qe6 27. Nf1 Rc5 28. Qxe6+ Nxe6 29. Rd1 Rc2 30. Rd6 Nc5 31. Rd2 Rxd2 32. Nxd2 Kf7 33. Kg2 Nd3 34. Kf3 Ke6 35. Nb1 b5 36. a3 Nc5 37. Nc3 a6 38. b4 Nd7 39. Ke3 Kd6 40. Kd4 Ne5 41. h3 Nf3+ 42. Ke3 Ne5 43. Kf4 Nd3+ 1/2-1/2

[Event "FIDE WYCC Girls U14 2023"]
[Site "Montesilvano"]
[Date "2023.11.24"]
[Round "11.24"]
[White "Aswinika Mani R"]
[Black "Li, Anna Sofie"]
[Result "1-0"]
[ECO "C50"]
[WhiteElo "1472"]
[BlackElo "1722"]
[Annotator "NA RC"]
[PlyCount "59"]
[EventDate "2023.11.13"]
[EventType "swiss"]
[EventCountry "ITA"]
[SourceTitle "playchess.com"]
[Source "ChessBase"]
[SourceQuality "1"]
[TimeControl "40/5400+30:1800+30"]

1. e4 e5 2. Nf3 Nc6 3. Bc4 Nf6 4. d3 Bc5 5. c3 a6 6. a4 d6 7. h3 h6 8. b4 Ba7 9. O-O Ne7 10. Nbd2 g5 11. d4 Ng6 12. Re1 g4 13. hxg4 Bxg4 14. Nf1 Bxf3 15. Qxf3 exd4 16. Bf4 Ne5 17. Bxe5 dxe5 18. cxd4 Bxd4 19. Rad1 Qe7 20. Rxd4 exd4 21. e5 Nh7 22. Qxb7 O-O 23. Ng3 Rfb8 24. Qe4 Ng5 25. Qg6+ Kh8 26. Qxh6+ Nh7 27. Bd3 f6 28. exf6 Qxe1+ 29. Kh2 Kg8 30. Qg7# 1-0

[Event "FIDE WYCC Girls U14 2023"]
[Site "Montesilvano"]
[Date "2023.11.24"]
[Round "11.25"]
[White "Rice, Leah"]
[Black "Briem, Gudrun Fanney"]
[Result "1/2-1/2"]
[ECO "D04"]
[WhiteElo "1499"]
[BlackElo "1692"]
[Annotator "NA RC"]
[PlyCount "77"]
[EventDate "2023.11.13"]
[EventType "swiss"]
[EventCountry "ITA"]
[SourceTitle "playchess.com"]
[Source "ChessBase"]
[SourceQuality "1"]
[TimeControl "40/5400+30:1800+30"]

1. d4 d5 2. Nf3 Nf6 3. e3 c5 4. b3 Bg4 5. Be2 e6 6. Bb2 Nc6 7. h3 Bh5 8. O-O cxd4 9. Nxd4 Bxe2 10. Qxe2 Be7 11. c4 O-O 12. Nxc6 bxc6 13. Nc3 Qb6 14. e4 Qa6 15. exd5 cxd5 16. Nb5 Rac8 17. cxd5 Nxd5 18. Rfd1 Rc5 19. a4 Rfc8 20. Qg4 Nf6 21. Qf3 Rf5 22. Qe3 Rc2 23. Nd4 Nd5 24. Qd3 Rfxf2 25. Nxc2 Qxd3 26. Rxd3 Rxc2 27. Be5 f6 28. Bb8 Bc5+ 29. Kh1 a5 30. Re1 Kf7 31. Rdd1 Ba3 32. Re4 Bb4 33. Rc4 Rb2 34. Rd3 g5 35. h4 h6 36. hxg5 hxg5 37. Rc8 Be1 38. Rc1 Bb4 39. Rc8 1/2-1/2

[Event "FIDE WYCC Girls U14 2023"]
[Site "Montesilvano"]
[Date "2023.11.24"]
[Round "11.26"]
[White "Arzur, Maia"]
[Black "Field, Lila Quinn"]
[Result "1/2-1/2"]
[ECO "C50"]
[WhiteElo "1997"]
[BlackElo "1616"]
[Annotator "NA RC"]
[PlyCount "89"]
[EventDate "2023.11.13"]
[EventType "swiss"]
[EventCountry "ITA"]
[SourceTitle "playchess.com"]
[Source "ChessBase"]
[SourceQuality "1"]
[TimeControl "40/5400+30:1800+30"]

1. e4 e5 2. Nf3 Nc6 3. Bc4 Bc5 4. O-O Nf6 5. d3 O-O 6. h3 d6 7. c3 a6 8. a4 h6 9. Nbd2 Be6 10. Re1 Qd7 11. Nf1 Ba7 12. Bxe6 fxe6 13. N1h2 Nh5 14. d4 exd4 15. cxd4 Qf7 16. Be3 a5 17. Qb3 Nb4 18. Rac1 e5 19. Qxf7+ Rxf7 20. Red1 exd4 21. Bxd4 Nf4 22. Rd2 Bxd4 23. Nxd4 Nfd3 24. Rc3 Nc5 25. f3 Nxa4 26. Rc1 Nc5 27. Ng4 Nc6 28. Rc3 Nxd4 29. Rxd4 a4 30. e5 Ne6 31. Rb4 Nf4 32. Rc2 h5 33. Nf2 c5 34. Rb6 dxe5 35. Rxc5 Rd7 36. Rxe5 Rd2 37. Re4 Ne2+ 38. Kh2 Nc3 39. Rc4 Nd5 40. Rd6 Rxf2 41. Rxd5 Rxb2 42. Rc7 a3 43. Rdd7 a2 44. Rxg7+ Kh8 45. Rh7+ 1/2-1/2

[Event "FIDE WYCC Girls U14 2023"]
[Site "Montesilvano"]
[Date "2023.11.24"]
[Round "11.27"]
[White "Sezdbekova, Aizhan"]
[Black "Stoll, Lucia"]
[Result "0-1"]
[ECO "C45"]
[WhiteElo "1594"]
[BlackElo "1887"]
[Annotator "NA RC"]
[PlyCount "68"]
[EventDate "2023.11.13"]
[EventType "swiss"]
[EventCountry "ITA"]
[SourceTitle "playchess.com"]
[Source "ChessBase"]
[SourceQuality "1"]
[TimeControl "40/5400+30:1800+30"]

1. e4 e5 2. Nf3 Nc6 3. d4 exd4 4. Nxd4 Nf6 5. Nxc6 bxc6 6. Nd2 d5 7. exd5 cxd5 8. Bb5+ Bd7 9. Bxd7+ Qxd7 10. O-O Be7 11. Re1 O-O 12. Nf3 c5 13. Bg5 Rab8 14. b3 h6 15. Bh4 Rfe8 16. Qd3 Rb6 17. Re5 Rd8 18. Rd1 Qb7 19. h3 Rbd6 20. Nh2 g5 21. Bg3 Ne4 22. Rxe7 Qxe7 23. Bxd6 Rxd6 24. Ng4 h5 25. Ne3 Qf6 26. Nxd5 Qxf2+ 27. Kh2 Rxd5 28. Qxd5 Qf4+ 29. Kg1 Qe3+ 30. Kh2 g4 31. hxg4 hxg4 32. Kh1 Nf2+ 33. Kh2 g3+ 34. Kg1 Nxd1+ 0-1

[Event "FIDE WYCC Girls U14 2023"]
[Site "Montesilvano"]
[Date "2023.11.24"]
[Round "11.28"]
[White "Kazhiakhmetova, Yerkenaz"]
[Black "Lorenz, Veronika"]
[Result "0-1"]
[ECO "D71"]
[WhiteElo "1218"]
[BlackElo "1791"]
[Annotator "NA RC"]
[PlyCount "74"]
[EventDate "2023.11.13"]
[EventType "swiss"]
[EventCountry "ITA"]
[SourceTitle "playchess.com"]
[Source "ChessBase"]
[SourceQuality "1"]
[TimeControl "40/5400+30:1800+30"]

1. d4 Nf6 2. c4 g6 3. g3 Bg7 4. Bg2 d6 5. Nc3 O-O 6. e4 Nbd7 7. Nge2 e5 8. d5 a5 9. h3 Nc5 10. Be3 Ne8 11. a3 f5 12. b4 axb4 13. axb4 Rxa1 14. Qxa1 Nd3+ 15. Kd2 Nxb4 16. Qa8 Na6 17. Rb1 Nf6 18. f3 Qe7 19. Nb5 fxe4 20. f4 Bxh3 21. Qxb7 Bxg2 22. Qxa6 Ng4 23. Qa7 Nxe3 24. Qxe3 g5 25. Rg1 Bf3 26. Nbc3 exf4 27. gxf4 g4 28. Nb5 Ra8 29. Ned4 Ra2+ 30. Kc1 Qf6 31. Kb1 Ra8 32. Kc2 Qh4 33. Nxf3 exf3 34. Qe6+ Kh8 35. Rxg4 Qf2+ 36. Kd3 Qf1+ 37. Ke3 Qe2# 0-1

[Event "FIDE WYCC Girls U14 2023"]
[Site "Montesilvano"]
[Date "2023.11.24"]
[Round "11.29"]
[White "Stankovic, Andrea"]
[Black "Pereira Garza, Cecilia"]
[Result "1-0"]
[ECO "D44"]
[WhiteElo "1768"]
[BlackElo "1479"]
[Annotator "NA"]
[PlyCount "119"]
[EventDate "2023.11.13"]
[EventType "swiss"]
[EventCountry "ITA"]
[SourceTitle "playchess.com"]
[Source "ChessBase"]
[SourceQuality "1"]
[TimeControl "40/5400+30:1800+30"]

1. d4 d5 2. Nf3 Nf6 3. c4 c6 4. Nc3 e6 5. Bg5 dxc4 6. e4 b5 7. e5 h6 8. Bh4 g5 9. Nxg5 hxg5 10. Bxg5 Be7 11. exf6 Bxf6 12. Be3 Bb7 13. Ne4 Na6 14. Be2 c5 15. Bf3 Bxe4 16. Bxe4 Rc8 17. Bb7 Nb4 18. Bxc8 Nd3+ 19. Kf1 cxd4 20. Ba6 Qb6 21. Qf3 e5 22. Bxb5+ Qxb5 23. Qxf6 Rh5 24. Bxd4 c3 25. a4 Qc4 26. Kg1 Nf4 27. Re1 c2 28. Qxf4 Kf8 29. Bc5+ Qxc5 30. Qd2 e4 31. Qc3 Qxc3 32. bxc3 Rd5 33. g3 Rd1 34. Kg2 c1=Q 35. Rxd1 Qxc3 36. Rhe1 Qc6 37. Re3 Qxa4 38. Rde1 Qc6 39. g4 a5 40. Rxe4 a4 41. f3 a3 42. R4e2 Qc4 43. Rd2 Kg7 44. Ra1 Qa6 45. Rda2 Kg6 46. Rxa3 Qe2+ 47. Kg3 Qe5+ 48. f4 Qb2 49. h4 f6 50. g5 f5 51. Ra6+ Kf7 52. Ra7+ Ke8 53. Ra8+ Ke7 54. Re1+ Kd7 55. Rae8 Qb3+ 56. R8e3 Qg8 57. Rd1+ Kc6 58. Rc3+ Kb5 59. Rb1+ Ka4 60. Rc7 1-0

[Event "FIDE WYCC Girls U14 2023"]
[Site "Montesilvano"]
[Date "2023.11.24"]
[Round "11.30"]
[White "Alemanova, Yasmina"]
[Black "Zadrapova, Amalie"]
[Result "0-1"]
[ECO "A45"]
[WhiteElo "1570"]
[BlackElo "1753"]
[Annotator "NA RC"]
[PlyCount "92"]
[EventDate "2023.11.13"]
[EventType "swiss"]
[EventCountry "ITA"]
[SourceTitle "playchess.com"]
[Source "ChessBase"]
[SourceQuality "1"]
[TimeControl "40/5400+30:1800+30"]

1. d4 Nf6 2. Nc3 d5 3. Bf4 e6 4. a3 Bd7 5. e3 a6 6. Nf3 c5 7. Ne5 Nc6 8. Be2 Be7 9. h4 cxd4 10. exd4 Qb6 11. Nxc6 Bxc6 12. Rb1 Rc8 13. f3 Nh5 14. Be5 Qd8 15. Kf2 f6 16. Bh2 f5 17. f4 Nf6 18. g3 h5 19. Re1 g6 20. Kg2 Ne4 21. Nxe4 dxe4 22. Bg1 Bd5 23. Be3 Kf7 24. b3 b5 25. a4 Bb4 26. Rf1 Qa5 27. axb5 axb5 28. Ra1 Qb6 29. Rf2 Rc3 30. Qc1 Rxe3 31. c4 Rc3 32. Qb2 e3+ 33. cxd5 exf2 34. dxe6+ Qxe6 35. Ra7+ Kf6 36. Qa2 Qe4+ 37. Kh2 f1=N+ 38. Bxf1 Rc2+ 39. Qxc2 Qxc2+ 40. Kh3 Qe4 41. Bg2 Qxd4 42. Rb7 Be1 43. Rxb5 Qe3 44. Kh2 Bxg3+ 45. Kh1 Qe1+ 46. Bf1 Qxf1# 0-1

[Event "FIDE WYCC Girls U14 2023"]
[Site "Montesilvano"]
[Date "2023.11.24"]
[Round "11.31"]
[White "Chasouraki, Chrysi"]
[Black "Andries, Alexia"]
[Result "1-0"]
[ECO "B31"]
[WhiteElo "1559"]
[BlackElo "1750"]
[Annotator "NA"]
[PlyCount "101"]
[EventDate "2023.11.13"]
[EventType "swiss"]
[EventCountry "ITA"]
[SourceTitle "playchess.com"]
[Source "ChessBase"]
[SourceQuality "1"]
[TimeControl "40/5400+30:1800+30"]

1. e4 c5 2. Nf3 Nc6 3. Bb5 g6 4. Bxc6 bxc6 5. d4 Bg7 6. dxc5 Qa5+ 7. Nbd2 Qxc5 8. O-O Nf6 9. Nb3 Qb6 10. Re1 O-O 11. h3 d6 12. c3 Ba6 13. Bf4 e5 14. Bg5 Qc7 15. Qc2 Bc4 16. Nbd2 Be6 17. c4 a5 18. b3 Nd7 19. Be3 h6 20. Nh2 f5 21. f3 f4 22. Bf2 g5 23. Rac1 c5 24. Nb1 h5 25. Nc3 Nf6 26. Red1 Rfd8 27. Qe2 Qc8 28. Rd3 g4 29. hxg4 hxg4 30. fxg4 Nxg4 31. Nxg4 Bxg4 32. Qd2 Ra6 33. Nd5 Qb7 34. Bh4 Rd7 35. Qf2 Be6 36. Nc3 a4 37. Qe2 axb3 38. axb3 Qxb3 39. Nd5 Qb7 40. Qh5 Bf7 41. Qg4 Bxd5 42. Rxd5 Rf7 43. Rcd1 Qb8 44. Qe6 Bf8 45. Bf6 Ra3 46. Rxd6 Bxd6 47. Rxd6 Ra1+ 48. Kh2 Qxd6 49. Qg4+ Kh7 50. Qh5+ Kg8 51. Qh8# 1-0

[Event "FIDE WYCC Girls U14 2023"]
[Site "Montesilvano"]
[Date "2023.11.24"]
[Round "11.32"]
[White "Cutiyog, Jirah Floravie"]
[Black "Qi, Jenny"]
[Result "1/2-1/2"]
[ECO "A46"]
[WhiteElo "1305"]
[BlackElo "1737"]
[Annotator "NA"]
[PlyCount "100"]
[EventDate "2023.11.13"]
[EventType "swiss"]
[EventCountry "ITA"]
[SourceTitle "playchess.com"]
[Source "ChessBase"]
[SourceQuality "1"]
[TimeControl "40/5400+30:1800+30"]

1. d4 Nf6 2. Nf3 e6 3. g3 Nc6 4. Bg2 d5 5. O-O Bd6 6. b3 O-O 7. Bb2 Re8 8. Nbd2 e5 9. dxe5 Nxe5 10. c4 c6 11. cxd5 Nxd5 12. Nxe5 Bxe5 13. Bxe5 Rxe5 14. Nc4 Re8 15. Bxd5 cxd5 16. Ne3 d4 17. Nc2 Bh3 18. Re1 Qd5 19. f3 Rad8 20. Nb4 Qe6 21. Qc1 Qe3+ 22. Qxe3 dxe3 23. Red1 Rd2 24. Rxd2 exd2 25. Kf2 Rc8 26. Rd1 a5 27. Nd3 Rc2 28. Ke3 Rxa2 29. Rxd2 Rxd2 30. Kxd2 Be6 31. Kc3 b6 32. Ne5 b5 33. Nc6 a4 34. bxa4 bxa4 35. Nd4 Bd7 36. e3 f5 37. Kb4 Kf7 38. Ne2 Bc6 39. Nd4 Bd7 40. Ne2 Kg6 41. Nc3 Bc6 42. Kc5 Bxf3 43. Nxa4 Kg5 44. Kd6 Kg4 45. Ke5 Be4 46. Nc5 Kf3 47. Ne6 g6 48. Ng5+ Kxe3 49. Nxh7 Kf3 50. Ng5+ Kg2 1/2-1/2

[Event "FIDE WYCC Girls U14 2023"]
[Site "Montesilvano"]
[Date "2023.11.24"]
[Round "11.33"]
[White "Michalska, Lena"]
[Black "Petergova, Stella"]
[Result "1-0"]
[ECO "A04"]
[WhiteElo "1640"]
[BlackElo "1191"]
[Annotator "NA"]
[PlyCount "183"]
[EventDate "2023.11.13"]
[EventType "swiss"]
[EventCountry "ITA"]
[SourceTitle "playchess.com"]
[Source "ChessBase"]
[SourceQuality "1"]
[TimeControl "40/5400+30:1800+30"]

1. Nf3 c5 2. g3 Nc6 3. Bg2 d5 4. c3 e6 5. d4 Nf6 6. Bg5 h6 7. Bf4 b6 8. Nbd2 Bd6 9. Bxd6 Qxd6 10. O-O O-O 11. Re1 Bb7 12. dxc5 Qxc5 13. Nb3 Qe7 14. Nfd2 Rfd8 15. e3 Rac8 16. Qe2 Ne5 17. Rad1 Qc7 18. Nd4 Rd7 19. Nb5 Qb8 20. f4 Nc4 21. Nxc4 Rxc4 22. Nd4 Rc8 23. Qc2 Rcd8 24. Qa4 a6 25. a3 Qc7 26. Bf1 b5 27. Qb3 Ne4 28. Be2 Nc5 29. Qc2 Ne4 30. Ra1 Qc5 31. Bg4 Re7 32. Qd3 Qc4 33. Be2 Qxd3 34. Bxd3 Nc5 35. Bc2 g6 36. Nf3 Kg7 37. Ne5 Nd7 38. Nd3 f5 39. a4 e5 40. axb5 axb5 41. Ra5 Bc6 42. Nb4 Nb8 43. Kf2 exf4 44. gxf4 Be8 45. Rd1 Nc6 46. Rxb5 Nxb4 47. Rxb4 Bf7 48. Ba4 Rc8 49. Bb3 Rc5 50. Rd2 Kf6 51. Rbd4 Rb7 52. Ba2 Rb8 53. R4d3 Rcb5 54. b4 Rc8 55. Bb3 Rb6 56. Rc2 g5 57. Bxd5 Bxd5 58. Rxd5 Rxb4 59. Rd6+ Kg7 60. Kg3 Rbc4 61. Rd3 R8c6 62. h4 Kg6 63. fxg5 hxg5 64. hxg5 Kxg5 65. Kf3 Kf6 66. Ke2 Ke5 67. Kd2 f4 68. exf4+ Kxf4 69. Rd8 Ke4 70. Re8+ Kd5 71. Kd3 Kd6 72. Rd8+ Kc7 73. Rh8 Rg4 74. Rh7+ Kc8 75. Ra2 Rd6+ 76. Ke3 Rd7 77. Ra8+ Kb7 78. Rxd7+ Kxa8 79. Kd3 Kb8 80. Re7 Kc8 81. Kc2 Rg2+ 82. Kb3 Rg1 83. Kb4 Rb1+ 84. Kc5 Rg1 85. c4 Rg8 86. Kc6 Rg6+ 87. Kb5 Rg8 88. c5 Rh8 89. Kb6 Rg8 90. c6 Rh8 91. Ra7 Kb8 92. c7+ 1-0

[Event "FIDE WYCC Girls U14 2023"]
[Site "Montesilvano"]
[Date "2023.11.24"]
[Round "11.34"]
[White "Viti, Greta"]
[Black "Zerarga, Imene"]
[Result "1/2-1/2"]
[ECO "B53"]
[WhiteElo "1644"]
[BlackElo "1514"]
[Annotator "NA RC"]
[PlyCount "58"]
[EventDate "2023.11.13"]
[EventType "swiss"]
[EventCountry "ITA"]
[SourceTitle "playchess.com"]
[Source "ChessBase"]
[SourceQuality "1"]
[TimeControl "40/5400+30:1800+30"]

1. e4 c5 2. Nf3 d6 3. d4 cxd4 4. Qxd4 Nf6 5. Nc3 a6 6. Bc4 Nc6 7. Qd3 g6 8. Bf4 Bg7 9. O-O-O Qa5 10. Kb1 O-O 11. Bd2 Qc7 12. Bb3 b5 13. Ng1 Ne5 14. Qe2 Rb8 15. Be3 Nc4 16. Bd4 Be6 17. Nf3 Rfc8 18. Ng5 Bg4 19. f3 Bd7 20. g4 h6 21. Nh3 e5 22. Be3 Nxb2 23. Kxb2 Qxc3+ 24. Kb1 h5 25. Ng5 d5 26. gxh5 Nxh5 27. Bxd5 Qb4+ 28. Ka1 Qc3+ 29. Kb1 Qb4+ 1/2-1/2